 Seeded DCSS version 0.28.0 (webtiles) character file.

Game seed: 10379525442082979767 (custom seed)

198879 hikkokomori the Executioner (level 17, -2/252 HPs)
             Began as a Minotaur Berserker on Feb 16, 2022.
             Was the Champion of Trog.
             Succumbed to a nagaraja's splash of poison
             ... on level 4 of the Snake Pit on Feb 17, 2022.
             The game lasted 01:17:13 (33799 turns).

hikkokomori the Executioner (Minotaur Berserker)   Turns: 33799, Time: 01:17:13

Health: -2/252     AC: 60    Str: 41    XL:     17   Next: 82%
Magic:  16/16      EV:  6    Int:  4    God:    Trog [******]
Gold:   946        SH:  0    Dex: 14    Spells: 16/16 levels left

rFire   + . .      SeeInvis +   g - +8 frozen axe "Frostbite" {freezing cloud, *Noise Fly rC+}
rCold   + . .      Faith    .   (shield currently unavailable)
rNeg    . . .      Spirit   .   B - +20 crystal plate armour of the Undertaker {rC+ Dex+3}
rPois   .          Reflect  .   r - +2 hat of Shielding {Regen+ Str+4}
rElec   .          Harm     .   v - +2 cloak
rCorr   .          Rampage  .   x - +1 pair of gloves {Str+3}
Will    +....      NoTele   +   h - +2 pair of boots of Valeo {Str+5 SInv}
Stlth   ..........              G - amulet of the acrobat
HPRegen 1.32/turn               V - ring "Botocoangi" {Fire Slay+3}
MPRegen 0.15/turn               T - +4 ring of slaying

@: berserking, lethally poisoned (-2 -> -84), untranslocatable, flying, slowed,
constricted, studying Armour
A: horns 2, retaliatory headbutt
}: 1/15 runes: decaying
a: Renounce Religion, Berserk, Trog's Hand, Brothers in Arms


You were on level 4 of the Snake Pit.
You worshipped Trog.
Trog was exalted by your worship.
You visited 5 branches of the dungeon, and saw 28 of its levels.

You collected 3586 gold pieces.
You spent 2640 gold pieces at shops.

Inventory:

Hand Weapons
 g - the +8 frozen axe "Frostbite" (weapon) {freezing cloud, *Noise Fly rC+}
   (You acquired it on level 7 of the Dungeon)

   It freezes those it strikes, dealing additional cold damage.
   It can also slow down cold-blooded creatures.
   It occasionally leaves clouds of freezing vapour upon striking a foe.
   It grants immunity to clouds of freezing vapour.
   rC:        It protects you from cold.
   Fly:       It grants you flight.
   *Noise:    It may make noises in combat.
 A - the +3 executioner's axe of Itzim {vorpal, Str+4 Dex+4 Stlth+}
   (Trog gifted it to you on level 3 of the Lair of Beasts)

   It inflicts extra damage upon your enemies.
   Str:       It affects your strength (+4).
   Dex:       It affects your dexterity (+4).
   Stlth:     It makes you more stealthy.
 C - the +5 spear of the Deaths {vorpal, rElec rCorr Str+2 Int+3}
   (You took it off an orc on level 7 of the Dungeon)

   It inflicts extra damage upon your enemies.
   Str:       It affects your strength (+2).
   Int:       It affects your intelligence (+3).
   rElec:     It insulates you from electricity.
   rCorr:     It protects you from acid and corrosion.
 H - a +0 arbalest
Missiles
 D - 3 atropa-tipped darts (quivered)
 X - a throwing net
Armour
 a - a +1 hat of willpower
 h - the +2 pair of boots of Valeo (worn) {Str+5 SInv}
   (You acquired it on level 3 of the Swamp)

   Str:       It affects your strength (+5).
   SInv:      It lets you see invisible.
 r - the +2 hat of Shielding (worn) {Regen+ Str+4}
   (You acquired it on level 3 of the Swamp)

   Str:       It affects your strength (+4).
   Regen:     It increases your rate of health regeneration.
 u - a +3 leather armour of cold resistance
 v - a +2 cloak (worn)
 x - a +1 pair of gloves of strength (worn)
 B - the +20 crystal plate armour of the Undertaker (worn) {rC+ Dex+3}
   (You bought it in a shop on level 2 of the Orcish Mines)

   Dex:       It affects your dexterity (+3).
   rC:        It protects you from cold.
Jewellery
 b - a ring of ice
 G - an amulet of the acrobat (around neck)
 S - a ring of willpower
 T - a +4 ring of slaying (right hand)
 V - the ring "Botocoangi" (left hand) {Fire Slay+3}
   (You found it on level 1 of the Lair of Beasts)

   [ring of fire]

   It enhances your fire magic.
   Slay:      It affects your accuracy & damage with ranged weapons and melee
   (+3).
   rF:        It protects you from fire.
   rC:        It makes you vulnerable to cold.
Wands
 m - a wand of acid (8)
 t - a wand of iceblast (3)
 I - a wand of paralysis (2)
 P - a wand of digging (4)
 U - a wand of flame (33)
 Z - a wand of mindburst (11)
Scrolls
 d - a scroll of summoning
 f - 9 scrolls of teleportation
 j - 7 scrolls of magic mapping
 k - 3 scrolls of fog
 n - 3 scrolls of fear
 o - 6 scrolls of enchant weapon
 M - a scroll of holy word
 N - a scroll of blinking
 R - 2 scrolls of brand weapon
 Y - a scroll of silence
Potions
 c - 10 potions of curing
 e - 4 potions of degeneration
 i - 4 potions of resistance
 l - 5 potions of brilliance
 p - 2 potions of haste
 q - 5 potions of attraction
 s - a potion of ambrosia
 y - a potion of might
 z - 4 potions of flight
 E - a potion of cancellation
 F - 6 potions of heal wounds
 K - a potion of mutation
 L - 3 potions of berserk rage
 Q - a potion of lignification
 W - 2 potions of invisibility
Miscellaneous
 w - a phantom mirror
 J - a lightning rod (4/4)
 O - a phial of floods


   Skills:
 * Level 19.1 Fighting
 - Level 24.0 Axes
 + Level 6.4 Crossbows
 * Level 21.7 Armour
 - Level 2.1 Dodging
 - Level 1.2 Stealth
 + Level 10.8 Evocations


You had 16 spell levels left.
You didn't know any spells.
Your spell library contained the following spells:

 Spells                   Type           Power      Damage    Failure   Level
 Wereblood                Tmut           0%         N/A       99%         2
 Mephitic Cloud           Conj/Pois/Air  0%         N/A       100%        3
 Spider Form              Tmut/Pois      0%         N/A       100%        3
 Summon Guardian Golem    Hex/Summ       0%         N/A       100%        3
 Fulminant Prism          Conj/Hex       0%         3d6       100%        4
 Iskenderun's Mystic Bla  Conj/Tloc      0%         2d3       100%        4
 Blade Hands              Tmut           0%         N/A       100%        5
 Lee's Rapid Deconstruct  Erth           0%         3d5*      100%        5
 Orb of Destruction       Conj           0%         9d5       100%        7
 Spellforged Servitor     Conj/Summ      0%         N/A       100%        7


Dungeon Overview and Level Annotations

Branches:
Dungeon (12/15)            Temple (0/1) D:6            Lair (6/6) D:8
  Swamp (4/4) Lair:4        Snake (4/4) Lair:3        Slime (0/5) Lair:6
    Orc (2/2) D:11            Elf (0/3) Orc:2

Altars:
Cheibriados
Elyvilon
Trog
Beogh
Jiyva

Shops:
D:3 ?   D:7 !=(?(   D:8 *   D:10 [([*   Orc:2 [(([   Snake:1 (

Annotations:
D:6 exclusion: oklob sapling
Lair:4 2 transporters, taxman66's ghost, journeyman MiGl


Innate Abilities, Weirdness & Mutations

You have a pair of horns on your head.
You reflexively headbutt those who attack you in melee.


Message History

You feel extremely sick. The nagaraja casts a spell at you.
The bolt of poison hits you!
You are lethally poisoned!
* * * LOW HITPOINT WARNING * * *
The nagaraja constricts you.
The nagaraja points at you and mumbles some strange words.
The poison arrow hits you but does no damage.
You are more poisoned.
You chop the nagaraja into pieces!!! You freeze the nagaraja!!
You kill the nagaraja!
Trog accepts your kill.
Trog appreciates your killing of a magic user.
You slice the nagaraja!! You freeze the nagaraja!
You hit the naga warrior but do no damage.
* * * LOW HITPOINT WARNING * * *
You feel extremely sick.
The nagaraja points at you and mumbles some strange words.
The poison arrow hits you but does no damage.
You are more poisoned.
The nagaraja constricts you.
Unknown command.
You closely miss the naga warrior.
The naga warrior is severely wounded.
You slash the nagaraja! You freeze the nagaraja.
You kill the nagaraja!
Trog accepts your kill.
Trog appreciates your killing of a magic user.
* * * LOW HITPOINT WARNING * * *
You feel extremely sick. The nagaraja spits poison at you.
The splash of poison hits you but does no damage.
You are more poisoned.
The naga warrior barely misses you. The naga warrior grabs you.
The naga warrior constricts you.
Okay, then.
You are too berserk!
The naga warrior blocks your attack.
The naga warrior is severely wounded.
You die...

........###......)....##
#####.....########))...#
.#..#...........###)...#
))..#........####)))..##
.)..#.......##....)).##
.)..#.......#....)))##
....#.......##.†.####
....#.....###...))###
....#....##....)@N..#
....#....#.....))....#
....#...##........N..#
....#...#....8...8N...#
....#..##.⌠.........⌠.#
....#).# ....8...8.....#
#####..# ..............#
.......# ....8...8.....#
....####


You could see a naga warrior, a nagaraja (strong, catching breath) and a naga
(strong).

Vanquished Creatures
  the Lernaean hydra (Swamp:4)
  Saint Roka (Orc:2)
  Gastronok (Lair:2)
  7 nagarajas
  A fenstrider witch (Swamp:3)
  2 ghouls (Swamp:1)
  3 eleionomae
  3 bunyips
  Josephine (Swamp:1)
  2 ice dragons
  12 naga warriors
  A salamander tyrant (Snake:4)
  The ghost of Drazool the Basher, a journeyman DsFi of Ru (Lair:1)
  23 hydras
  2 boulder beetles
  2 two-headed ogres
  3 ghost crabs
  A death knight (D:9)
  10 anacondas
  4 alligators
  2 orc high priests
  4 death yaks (Lair:4)
  6 shock serpents
  Sonja (Orc:1)
  7 naga sharpshooters
  Urug (D:10)
  2 salamander mystics (Snake:4)
  2 goliath frogs (Swamp:1)
  A death drake (Swamp:2)
  3 spriggan druids
  5 sea snakes (Snake:3)
  3 lindwurms
  18 swamp dragons
  2 bog bodies
  5 naga ritualists
  Pikel (D:6)
  10 mana vipers
  2 deep elf pyromancers (D:12)
  3 orc sorcerers (Orc:2)
  10 salamanders
  5 will-o-the-wisps
  4 manticores
  4 cyclopes
  7 guardian serpents
  18 elephants
  27 black mambas
  2 ugly things
  16 naga magi
  7 torpor snails
  Psyche (D:10)
  14 komodo dragons
  6 rime drakes
  15 cane toads
  12 tyrant leeches
  9 polar bears (Lair:6)
  5 trolls
  12 hornets
  Prince Ribbit (D:5)
  22 blink frogs
  3 slime creatures
  23 dream sheep
  Grinder (D:6)
  3 raiju (Lair:6)
  Sigmund (D:3)
  3 shadows
  7 spriggans
  5 wyverns
  Eustachio (D:5)
  37 yaks
  7 basilisks
  6 wraiths
  2 basilisks (shapeshifter) (D:11)
  A steam dragon (D:8)
  16 vampire mosquitoes
  20 swamp worms
  Edmund (D:4)
  33 nagas
  9 wargs
  2 acid dragons
  Duvessa (D:5)
  14 hell hounds (Lair:6)
  15 water moccasins
  11 swamp drakes
  4 sky beasts
  41 orc warriors
  2 ice beasts
  11 black bears (Lair:6)
  2 necrophages
  6 ogres
  A black mamba simulacrum (Lair:1)
  27 wolves
  3 centaurs
  A lemure (D:6)
  Blork the orc (D:4)
  16 bullfrogs
  3 scorpions
  2 cane toad simulacra (Lair:1)
  2 water moccasin zombies (D:6)
  Dowan (D:5)
  9 killer bees
  9 wights
  6 electric eels
  A rime drake simulacrum (Lair:1)
  2 howler monkeys
  3 centaur zombies
  A bullfrog zombie (D:6)
  2 hounds (D:7)
  A komodo dragon simulacrum (Lair:1)
  23 orc priests
  An iron imp (D:8)
  A water moccasin simulacrum (Lair:1)
  Crazy Yiuf (D:6)
  A bullfrog skeleton (D:5)
  6 iguanas
  Ijyb (D:5)
  33 orc wizards
  A bullfrog simulacrum (Lair:1)
  A howler monkey zombie (D:6)
  Robin (D:4)
  8 gnolls
  4 adders
  An adder skeleton (D:4)
  A worm (D:3)
  4 dart slugs
  106 orcs
  An endoplasm (D:3)
  5 giant cockroaches
  12 goblins
  4 hobgoblins
  2 jackals (D:4)
  8 kobolds
  2 quokkas
  8 ball pythons
  9 bats
  11 frilled lizards
  3 rats
  A plant (Lair:5)
995 creatures vanquished.

Vanquished Creatures (collateral kills)
  2 swamp dragons (Swamp:4)
  An orc (Orc:1)
3 creatures vanquished.

Vanquished Creatures (others)
  A rime drake (Lair:1)
  A goblin (D:4)
  A bush (Lair:4)
  12 foxfires
  25 fungi
  123 plants
163 creatures vanquished.

Grand Total: 1161 creatures vanquished

Notes
Turn   | Place    | Note
-------+----------+-------------------------------------------
     0 | D:1      | hikkokomori the Minotaur Berserker began the quest for the
                  | Orb.
     0 | D:1      | Reached XP level 1. HP: 19/19 MP: 0/0
    67 | D:1      | You fall into a shaft and drop 1 floor!
   178 | D:1      | HP: 1/30 [kobold (4)]
   182 | D:1      | Reached XP level 2. HP: 2/27 MP: 1/1
   921 | D:2      | Reached skill level 4 in Axes
   921 | D:2      | Reached skill level 1 in Stealth
   924 | D:2      | Reached XP level 3. HP: 33/33 MP: 2/2
  1199 | D:2      | Reached ** piety under Trog
  1563 | D:3      | Reached XP level 4. HP: 41/41 MP: 3/3
  1798 | D:3      | Found Vynolin's Magic Scroll Boutique.
  1909 | D:3      | Noticed Sigmund
  1916 | D:3      | Killed Sigmund
  1917 | D:3      | Reached skill level 5 in Fighting
  1917 | D:3      | Reached skill level 5 in Axes
  1917 | D:3      | Reached XP level 5. HP: 48/48 MP: 4/4
  1996 | D:3      | Reached XP level 6. HP: 56/56 MP: 5/5
  2020 | D:3      | Found a faded altar of an unknown god.
  2484 | D:4      | Noticed Edmund
  2493 | D:4      | Killed Edmund
  2494 | D:4      | Reached skill level 5 in Armour
  2856 | D:4      | Reached skill level 6 in Axes
  2865 | D:4      | Noticed Robin
  3013 | D:4      | Killed Robin
  3346 | D:4      | Reached XP level 7. HP: 63/63 MP: 6/6
  3446 | D:4      | Noticed Blork the orc
  3455 | D:4      | Killed Blork the orc
  3741 | D:4      | Reached *** piety under Trog
  3993 | D:5      | Entered Level 5 of the Dungeon
  3997 | D:5      | Noticed Eustachio
  4013 | D:5      | Killed Eustachio
  4014 | D:5      | Reached skill level 7 in Axes
  4236 | D:5      | Reached XP level 8. HP: 60/73 MP: 7/7
  4350 | D:5      | Noticed Prince Ribbit
  4376 | D:5      | Killed Prince Ribbit
  4449 | D:5      | Noticed Dowan
  4452 | D:5      | Noticed Duvessa
  4461 | D:5      | Killed Duvessa
  4462 | D:5      | Reached skill level 8 in Axes
  4464 | D:5      | Killed Dowan
  4567 | D:5      | Noticed Ijyb
  4590 | D:5      | Killed Ijyb
  5342 | D:6      | Noticed Grinder
  5359 | D:6      | Killed Grinder
  5360 | D:6      | Reached XP level 9. HP: 63/82 MP: 8/8
  5449 | D:6      | Reached skill level 9 in Axes
  5517 | D:6      | Identified the +2 mace of Diuhoroo {freeze, rC+ SInv}
  5519 | D:6      | Found a runed translucent door.
  5520 | D:6      | Noticed Crazy Yiuf
  5527 | D:6      | Killed Crazy Yiuf
  5831 | D:6      | Found a staircase to the Ecumenical Temple.
  6155 | D:6      | Noticed Pikel
  6169 | D:6      | Killed Pikel
  6785 | D:7      | Noticed a two-headed ogre
  6794 | D:7      | Killed a two-headed ogre
  6795 | D:7      | Reached skill level 10 in Fighting
  6795 | D:7      | Reached skill level 10 in Axes
  6795 | D:7      | Reached skill level 10 in Armour
  7226 | D:7      | Reached XP level 10. HP: 94/94 MP: 9/9
  7229 | D:7      | Identified the +5 spear of the Deaths {vorpal, rElec rCorr
                  | Str+2 Int+3}
  7626 | D:7      | Found Jeassucy's Distillery.
  7631 | D:7      | Found Wuetereng's Antique Weapon Boutique.
  7633 | D:7      | Found Ochoesma's Jewellery Boutique.
  7633 | D:7      | Found Sialaon's Weapon Boutique.
  7635 | D:7      | Found Oluick's Magic Scroll Boutique.
  7738 | D:7      | Bought a potion of curing for 42 gold pieces
  7738 | D:7      | Bought a potion of cancellation for 112 gold pieces
  7738 | D:7      | Bought a potion of heal wounds for 70 gold pieces
  7821 | D:7      | Noticed a six-headed hydra
  7830 | D:7      | Killed a ten-headed hydra
  7831 | D:7      | Reached skill level 11 in Axes
  8081 | D:7      | Noticed a manticore
  8088 | D:7      | Killed a manticore
  8125 | D:7      | Noticed a red ugly thing
  8125 | D:7      | Noticed a cyclops
  8128 | D:7      | Killed a red ugly thing
  8135 | D:7      | Killed a cyclops
  8335 | D:7      | Found a runed translucent door.
  8400 | D:7      | Reached skill level 12 in Axes
  8604 | D:7      | Identified a scroll of acquirement
  8604 | D:7      | Acquired the +8 frozen axe "Frostbite" {freezing cloud,
                  | *Noise Fly rC+}
  8604 | D:7      | Found the +8 frozen axe "Frostbite" {freezing cloud, *Noise
                  | Fly rC+}
  8851 | D:8      | Found a snail-covered altar of Cheibriados.
  8856 | D:8      | Reached **** piety under Trog
  9082 | D:8      | Reached XP level 11. HP: 76/104 MP: 10/10
  9302 | D:8      | Found a staircase to the Lair.
  9783 | D:8      | Found Dell's General Store.
  9874 | D:8      | Identified the +8 falchion "Liugrue" {drain, +Blink rCorr}
  9885 | D:8      | Reached skill level 13 in Axes
 10242 | D:9      | Noticed a death knight
 10382 | D:9      | Noticed a seven-headed hydra
 10400 | D:9      | Killed an 11-headed hydra
 11057 | D:9      | Found a runed translucent door.
 11076 | D:9      | Noticed a two-headed ogre
 11085 | D:9      | Killed a two-headed ogre
 11086 | D:9      | Reached skill level 14 in Axes
 11360 | D:10     | Entered Level 10 of the Dungeon
 11682 | D:9      | Killed a death knight
 12126 | D:9      | Reached skill level 15 in Axes
 12227 | D:10     | Found Risashed's General Store.
 12232 | D:10     | Bought a potion of curing for 51 gold pieces
 12234 | D:10     | Bought a scroll of identify for 34 gold pieces
 12285 | D:10     | Noticed Psyche
 12289 | D:10     | Noticed Urug
 12309 | D:10     | Killed Urug
 12329 | D:10     | Killed Psyche
 12544 | D:10     | Reached skill level 16 in Axes
 12792 | D:10     | Found Naps's Armour Shoppe.
 13006 | D:10     | Found Varuzeac's Antique Armour Emporium.
 13015 | D:10     | Bought a pair of runed gloves for 270 gold pieces
 13071 | D:10     | Found Cecro's Weapon Shop.
 13352 | D:11     | Found a staircase to the Orcish Mines.
 13527 | D:11     | Reached XP level 12. HP: 112/112 MP: 11/11
 13588 | D:11     | Reached skill level 17 in Axes
 14033 | D:12     | Noticed a boulder beetle
 14058 | D:12     | Killed a boulder beetle
 14352 | D:12     | Reached skill level 18 in Axes
 15522 | D:12     | Reached skill level 19 in Axes
 15818 | Lair:1   | Entered Level 1 of the Lair of Beasts
 15939 | Lair:1   | Reached ***** piety under Trog
 16036 | Lair:1   | Found a runed translucent gate.
 16036 | Lair:1   | Found a runed translucent gate.
 16036 | Lair:1   | Found a runed translucent gate.
 16278 | Lair:1   | Noticed a six-headed hydra
 16289 | Lair:1   | Killed an 11-headed hydra
 16315 | Lair:1   | Reached skill level 20 in Axes
 16368 | Lair:1   | Noticed a five-headed hydra
 16376 | Lair:1   | Killed a six-headed hydra
 16605 | Lair:1   | Noticed Drazool's ghost (journeyman DsFi)
 16622 | Lair:1   | Killed Drazool's ghost
 16623 | Lair:1   | Reached XP level 13. HP: 118/118 MP: 12/12
 16830 | Lair:1   | Got the ring "Botocoangi" {Fire Slay+3}
 17399 | Lair:2   | Reached skill level 21 in Axes
 17713 | Lair:2   | Noticed Gastronok
 17723 | Lair:2   | Killed Gastronok
 18420 | Lair:3   | Reached skill level 22 in Axes
 18539 | Lair:3   | Found a staircase to the Snake Pit.
 18695 | Lair:3   | Identified the +3 executioner's axe of Itzim {vorpal, Str+4
                  | Dex+4 Stlth+} (Trog gifted it to you on level 3 of the Lair
                  | of Beasts)
 18695 | Lair:3   | Received a gift from Trog
 18770 | Lair:3   | Got the Almanac of Envenoming and Transformation
 19964 | Lair:4   | Reached skill level 23 in Axes
 20101 | Lair:4   | Reached XP level 14. HP: 113/126 MP: 13/13
 20283 | Lair:4   | Found a transporter.
 20286 | Lair:4   | Found a transporter.
 20347 | Lair:4   | Noticed a brown very ugly thing
 20616 | Lair:4   | Found a staircase to the Swamp.
 20874 | Lair:4   | Noticed taxman66's ghost (journeyman MiGl)
 20917 | Lair:5   | Reached skill level 24 in Axes
 20958 | Lair:5   | Reached skill level 1 in Evocations
 21746 | Lair:6   | Entered Level 6 of the Lair of Beasts
 21869 | Lair:6   | Received a gift from Trog
 21901 | Lair:6   | Found a viscous altar of Jiyva.
 21902 | Lair:6   | Found a staircase to the Slime Pits.
 22684 | Lair:6   | Reached skill level 5 in Evocations
 22797 | Lair:6   | Reached ****** piety under Trog
 22799 | Lair:6   | Reached XP level 15. HP: 104/137 MP: 14/14
 22829 | Lair:6   | Identified the +6 scale mail "Coobrash" {SInv}
 23454 | Lair:6   | Found a runed translucent door.
 23489 | Lair:6   | Received a gift from Trog
 24209 | Swamp:1  | Entered Level 1 of the Swamp
 24308 | Swamp:1  | Noticed Josephine
 24325 | Swamp:1  | Killed Josephine
 24565 | Swamp:1  | HP: 1/139 [eleionoma/spray of wooden splinters (22)]
 25199 | Swamp:2  | Reached skill level 15 in Fighting
 25560 | Swamp:2  | Reached skill level 15 in Armour
 26282 | Swamp:3  | Noticed a fenstrider witch
 26298 | Swamp:3  | Killed a fenstrider witch
 26561 | Swamp:3  | Acquired a manual of Armour
 26562 | Swamp:3  | Acquired the +2 hat of Shielding {Regen+ Str+4}
 26563 | Swamp:3  | Acquired the +2 pair of boots of Valeo {Str+5 SInv}
 27462 | Orc:1    | Entered Level 1 of the Orcish Mines
 27474 | Orc:1    | Noticed Sonja
 27497 | Orc:1    | Killed Sonja
 27584 | Orc:1    | Received a gift from Trog
 27689 | Orc:1    | Reached XP level 16. HP: 140/151 MP: 15/15
 27859 | Orc:1    | Found a bloodstained altar of Trog.
 27905 | Orc:2    | Entered Level 2 of the Orcish Mines
 28185 | Orc:2    | Found a staircase to the Elven Halls.
 28251 | Orc:2    | Noticed Saint Roka
 28269 | Orc:2    | Found God Long's Antique Weapon Boutique.
 28272 | Orc:2    | Killed Saint Roka
 28273 | Orc:2    | Found Saegec's Antique Armour Shop.
 28447 | Orc:2    | Received a gift from Trog
 28529 | Orc:2    | Found Cigoloosch's Weapon Emporium.
 28719 | Orc:2    | Found Bainwu Xisa's Armour Shop.
 28741 | Orc:2    | Bought the +20 crystal plate armour of the Undertaker {rC+
                  | Dex+3} for 2061 gold pieces
 29147 | Swamp:4  | Entered Level 4 of the Swamp
 29558 | Swamp:4  | Reached skill level 1 in Crossbows
 29665 | Swamp:4  | Noticed the 27-headed Lernaean hydra
 29673 | Swamp:4  | Killed the 27-headed Lernaean hydra
 29893 | Swamp:4  | Got a decaying rune of Zot
 30423 | Snake:1  | Entered Level 1 of the Snake Pit
 30519 | Snake:1  | Found a white marble altar of Elyvilon.
 30525 | Snake:1  | Found Sizek's Weapon Shop.
 30529 | Snake:1  | Identified the +1 helmet of Qenneus {Slay+3}
 30806 | Snake:1  | Identified the +9 dagger of Excruciating Pain {venom, rC+
                  | rCorr SInv}
 31984 | Snake:2  | Reached skill level 10 in Evocations
 32000 | Snake:2  | Reached XP level 17. HP: 53/163 MP: 16/16
 33207 | Snake:4  | Entered Level 4 of the Snake Pit
 33213 | Snake:4  | Reached skill level 5 in Crossbows
 33237 | Snake:4  | Received a gift from Trog
 33779 | Snake:4  | Received a gift from Trog
 33798 | Snake:4  | HP: 12/252 [poisoned by a nagaraja (poison arrow)]
 33799 | Snake:4  | Succumbed to a nagaraja's splash of poison

Illustrated notes

Levels and vault maps discovered:
D:1:      minmay_arrival_arboretum_small, layout_basic
D:2:      layout_basic
D:3:      layout_loops_cross, serial_shops, nicolae_shop_hallway_stairs,
          ebering_ecumenical_altar_ruins, uniq_sigmund
D:4:      layout_loops_corners, kennysheep_generic_room_2, uniq_blork_the_orc,
          uniq_edmund, uniq_robin
D:5:      layout_cave_pools, corexii_corridor_pit, minmay_lizard_king,
          uniq_eustachio, uniq_ijyb, uniq_duvessa, uniq_prince_ribbit1
D:6:      layout_basic, minmay_temple_entry_oklob, serial_curves,
          eino_curves_04, eino_curves_03, eino_curves_04, eino_curves_02,
          uniq_grinder, uniq_pikel, uniq_crazy_yiuf_cottage
D:7:      nzn_winding_woodlands_stair_cross [nzn_winding_woodlands_5x15_default,
          nzn_winding_woodlands_center_diamonds,
          nzn_winding_woodlands_5x15_crooked,
          nzn_winding_woodlands_5x5_closed_star,
          nzn_winding_woodlands_5x5_cross, nzn_winding_woodlands_5x15_default,
          nzn_winding_woodlands_center_lodge,
          nzn_winding_woodlands_5x15_sidewinder], layout_rooms, serial_shops,
          shop, minmay_shop_grid_forest, lightli_church_of_beogh
D:8:      layout_loops_ring, slow_altar_1, erik_lair_dragon, serial_shops, shop,
          minmay_misc_feat_iff, hangedman_decor_riveting, nicolae_two_hexagons
D:9:      kennysheep_big_flooded_room, layout_basic, wad_hexagon
D:10:     layout_loops_ring, serial_shops, kennysheep_little_box, shop,
          nicolae_square_shop, nicolae_shop_temple_entry_statues_fountains,
          uniq_psyche, uniq_urug
D:11:     layout_long_grid, minmay_orc_entry_guard_dogs
D:12:     layout_irregular_city, nrook_guardian_serpent_double
Lair:1:   layout_chaotic_city, gammafunk_ghost_icy,
          cheibrodos_lair_caveside_slide, grunt_megastairs_5
Lair:2:   layout_chaotic_city, serial_bayou_shore_a, grunt_megastairs_3,
          uniq_gastronok
Lair:3:   statuecave_lemuel, layout_concentric_octagons,
          minmay_snake_entry_six_corridors, wad_woods_03
Lair:4:   layout_roguey, palyth_hydra_swamp_entry,
          gammafunk_ghost_abyssal_escape, beast_lair_carwin_10
Lair:5:   layout_long_grid
Lair:6:   hangedman_lair_caniforms_friends, layout_cave_pods, wormcave,
          slime_altar_1, lemuel_fruit_fields, lemuel_fruit_fields
Swamp:1:  layout_basic_swamp, hangedman_swamp_diagram, uniq_josephine
Swamp:2:  layout_falls_marsh, nicolae_swamp_orc_logging_accident, swamp_pool5
Swamp:3:  layout_falls_marsh, infiniplex_staircase_pool, swamp_pool1,
          nicolae_swamp_bean_lake
Swamp:4:  swamp_old_school, layout_basic_swamp
Snake:1:  layout_grid_maze, basic_altar, serial_shops, shop
Snake:2:  layout_onion
Snake:3:  layout_onion, serial_bayou, serial_bayou_pond_a, serial_bayou_pond_b,
          serial_bayou_pond_b, serial_bayou_lagoon_a, serial_bayou_shore_b,
          serial_bayou_crossing
Snake:4:  grunt_snake_rune_serpentine_throne, layout_cave_town, basic_altar,
          nicolae_snake_gridmaze_zigzag, nicolae_snake_lava_pool,
          lemuel_fruit_tree
Orc:1:    layout_caves, trog_butcher_becter, uniq_sonja
Orc:2:    grunt_orc_community_town_hall, layout_caves,
          grunt_orc_community_big_house_1, grunt_orc_community_big_house_1,
          grunt_orc_community_house_1, grunt_orc_community_house_1,
          grunt_orc_community_house_3, grunt_orc_community_house_2,
          grunt_orc_community_house_2, uniq_saint_roka

Skill      XL: |  1  2  3  4  5  6  7  8  9 10 11 12 13 14 15 16 17 |
---------------+----------------------------------------------------+-----
Fighting       | 4 5 6 7 8 10 12 13 15 17 19 | 19.1
Axes           | 4 5 6 7 8 10 12 16 20 23 24 | 24.0
Stealth        | 1 |  1.2
Armour         | 3 4 5 6 8 10 11 13 16 19 21 | 21.7
Evocations     | 5 8 10 | 10.8
Crossbows      | 4 6 |  6.4
Dodging        | |  2.1

Action                   |  1- 3 |  4- 6 |  7- 9 | 10-12 | 13-15 | 16-18 || total
-------------------------+-------+-------+-------+-------+-------+-------++-------
Melee: Hand axe          |    59 |    94 |   239 |    85 |       |       ||   477
       Headbutt          |     4 |    15 |    43 |    88 |   107 |    98 ||   355
       Punch             |       |     1 |     5 |       |       |       ||     6
       Halberd           |       |       |       |    50 |       |       ||    50
       Battleaxe         |       |       |       |   332 |       |       ||   332
       Executioner's axe |       |       |       |    16 |   599 |   475 ||  1090
Throw: Dart              |       |       |       |     3 |       |       ||     3
Invok: Berserk           |     3 |     4 |     9 |    14 |     7 |     4 ||    41
       Trog's Hand       |       |       |     2 |     3 |     4 |       ||     9
Evoke: Wand              |       |       |       |     2 |     1 |       ||     3
       Phantom mirror    |       |       |       |       |     1 |     1 ||     2
  Use: Scroll            |       |       |     3 |    14 |    14 |     3 ||    34
       Potion            |       |       |       |       |     4 |     3 ||     7
 Stab: Sleeping          |     1 |       |       |       |       |       ||     1
       Petrifying        |       |       |       |     2 |       |       ||     2
Armor: Animal skin       |    10 |       |       |       |       |       ||    10
       Chain mail        |    13 |    47 |   103 |    56 |       |       ||   219
       Plate armour      |       |       |       |   332 |   351 |    30 ||   713
       Crystal plate arm |       |       |       |       |       |   325 ||   325
Dodge: Dodged            |    40 |    45 |    97 |   192 |   268 |   284 ||   926
